AoeStats
← Robermad

Nomad

510137520Analyzed
3v3 RM · 3d ago on Sep 29, 2026· 70m 31s· 6 players
Game mode
Random Map
Map size
210×210
Population
200
Speed
Normal
Resources
Standard
Victory
Conquest
Starting age
Dark Age
Ending age
Imperial Age
RankedLock teamsTeams togetherTeam positionsShared explorationLock speedFull tech treeHidden civsTurbo modeCheats
Victory
Defeat
🇪🇸 Huns · Spain
1106
+14
🇲🇾 Vietnamese · Malaysia
1080
+15
🇪🇸 Italians · Spain
1034
+18
🇦🇷 Danes · Argentina
1082
-16
🇧🇷 Georgians · Brazil
1065
-16
🇦🇷 Malay · Argentina
1040
-15
eickhoff.luizfelipe
8:08 Loom
13:46 Feudal Age
14:45 Double-Bit Axe
28:07 Fletching
30:43 Castle Age
36:21 Guard Tower
36:26 Fletching
38:38 Bodkin Arrow
45:57 Imperial Age
46:17 Padded Archer Armor
46:24 Scale Barding Armor
46:21 Scale Mail Armor
46:32 Forging
47:02 Svan Towers
47:57 Keep
52:29 Bracer
52:45 Leather Archer Armor
53:06 Iron Casting
52:34 Elite Skirmisher
56:35 Conscription
58:01 Aznauri Cavalry
[LP] Peronbot
5:30 Loom
6:59 Loom
14:09 Feudal Age
15:04 Double-Bit Axe
16:03 Scale Mail Armor
16:15 Forging
15:54 Arson
17:08 Gold Mining
19:19 Castle Age
19:49 Gambesons
20:20 Chain Mail Armor
22:29 Fishing Lines
25:08 Squires
36:08 Hamask
40:03 Imperial Age
39:19 Iron Casting
38:45 Padded Archer Armor
39:02 Town Watch
39:31 Fletching
41:14 Bow Saw
42:28 Onager
45:46 Chemistry
46:42 Conscription
47:45 Conscription
48:18 Ballistics
49:28 Plate Mail Armor
belisario777
14:53 Feudal Age
15:18 Double-Bit Axe
21:00 Castle Age
19:39 Fishing Lines
20:03 Fletching
20:53 Medium Warships
23:42 Wheelbarrow
23:32 Pikeman
25:22 Bow Saw
27:51 Squires
28:28 Thalassocracy
28:41 Arson
29:30 Gillnets
31:23 Clinker Construction
34:52 Imperial Age
33:32 Padded Archer Armor
33:27 Bodkin Arrow
33:05 Elite Skirmisher
33:10 Man-at-Arms
34:11 Hand Cart
35:27 Chemistry
34:16 Long Swordsman
35:37 Loom
36:06 Halberdier
36:58 Forced Levy
37:23 Two-Handed Swordsman
38:57 Conscription
41:06 Forging
41:00 Bracer
44:41 Bombard Tower
44:58 Iron Casting
47:49 Blast Furnace
47:06 Leather Archer Armor
47:24 Elite Karambit Warrior
50:56 Thumb Ring
51:43 Elite Cannon Galleon
60:19 Ballistics
FURIOUSPAKO
3:31 Loom
12:06 Feudal Age
17:02 Castle Age
18:31 Fletching
20:21 Double-Bit Axe
31:41 Horse Collar
34:35 Bow Saw
36:38 Wheelbarrow
35:49 Town Watch
36:05 Gold Mining
36:05 Stone Mining
37:00 Bodkin Arrow
42:53 Imperial Age
41:03 Ballistics
41:43 Padded Archer Armor
42:32 Thumb Ring
43:04 Hand Cart
44:34 Chemistry
44:02 Conscription
44:01 Bracer
44:16 Leather Archer Armor
46:39 Two-Man Saw
46:13 Elite Genoese Crossbowman
48:01 Ring Archer Armor
71:16 Bombard Tower
Robermad
5:21 Loom
13:49 Feudal Age
19:18 Wheelbarrow
18:36 Double-Bit Axe
18:33 Horse Collar
21:45 Castle Age
20:08 Bloodlines
20:51 Scale Barding Armor
20:39 Fletching
22:53 Husbandry
22:49 Bodkin Arrow
22:56 Padded Archer Armor
23:52 Heavy Plow
29:29 Light Cavalry
30:35 Leather Archer Armor
37:36 Forging
37:47 Chain Barding Armor
40:30 Imperial Age
40:50 Heavy Cavalry Archer
42:06 Parthian Tactics
42:20 Iron Casting
55:05 Elite Tarkan
58:58 Ballistics
62:44 Conscription
62:34 Marauders
65:29 Plate Barding Armor
64:55 Bracer
Arvolen
9:38 Loom
15:10 Feudal Age
20:01 Double-Bit Axe
19:59 Horse Collar
23:46 Castle Age
25:59 Bow Saw
26:50 Wheelbarrow
28:57 Bloodlines
28:48 Husbandry
29:56 Scale Barding Armor
30:01 Forging
30:36 Heavy Plow
32:43 Gold Mining
32:43 Stone Mining
37:08 Imperial Age
36:47 Iron Casting
36:33 Chain Barding Armor
38:24 Stone Shaft Mining
38:13 Chain Barding Armor
37:48 Cavalier
42:29 Plate Barding Armor
44:37 Elite Skirmisher
45:23 Thumb Ring
47:05 Light Cavalry
47:37 Imperial Skirmisher
53:13 Fletching
53:23 Padded Archer Armor
54:46 Bodkin Arrow
55:06 Leather Archer Armor
55:26 Ballistics
56:06 Chemistry
59:03 Capped Ram
61:04 Bracer
64:16 Ring Archer Armor
Connection lost

Rejoining the realm…

Still unreachable

The connection could not be restored.

Session expired

The server has moved on; the page needs a fresh start.